 Dungeon Crawl Stone Soup version 0.30.0-29-ga12c61a403 (webtiles) character file.

Game seed: 17843133193219217804

431 Graphine the Trooper (level 6, -2/49 HPs)
             Began as a Demonspawn Monk on June 22, 2023.
             Killed by divine providence
             ... invoked by an orc priest
              (16 damage)
             ... on level 4 of the Dungeon.
             The game lasted 00:06:08 (3045 turns).

Graphine the Trooper (Demonspawn Monk)              Turns: 3045, Time: 00:06:10

Health: -2/49      AC:  5    Str: 11    XL:     6   Next: 67%
Magic:  8/8        EV: 12    Int: 12    God:
Gold:   225        SH:  0    Dex: 17    Spells: 5/5 levels left

rFire   . . .        a - +1 falchion (flame)
rCold   . . .        (no shield)
rNeg    . . .        q - +0 ring mail
rPois   .            (helmet restricted)
rElec   .            (no cloak)
rCorr   .            (no gloves)
SInv    +            (no boots)
Will    .....        h - amulet of magic regeneration Stlth
                     g - ring of see invisible
HPRegen 0.28/turn    (no ring)
MPRegen 0.51/turn

%: no passive effects
@: confused, ambrosia-drunk
A: horns 1, condensation shield
a: no special abilities


You were on level 4 of the Dungeon.
You visited 1 branch of the dungeon, and saw 4 of its levels.

You collected 225 gold pieces.

Inventory:

Hand Weapons
 a - a +1 falchion of flaming (weapon)
Missiles
 b - a throwing net
 m - a boomerang (quivered)
Armour
 d - an orb of light
 q - a +0 ring mail (worn)
Jewellery
 g - a ring of see invisible (left hand)
 h - an amulet of magic regeneration (around neck)
Scrolls
 e - 2 scrolls of fog
 i - a scroll of brand weapon
 n - a scroll of teleportation
 s - a scroll of identify
Potions
 f - a potion of curing
 j - a potion of haste
 k - a potion of might {unknown}
 l - 2 potions of berserk rage {unknown}
 o - a potion of cancellation {unknown}
 p - a potion of heal wounds {unknown}
 r - a potion of attraction {unknown}


   Skills:
 + Level 4.4 Fighting
 + Level 4.0 Long Blades
 + Level 2.2 Armour
 + Level 4.0 Dodging
 + Level 3.4 Invocations


You had 5 spell levels left.
You didn't know any spells.
Your spell library contained the following spells:

 Spells                   Type           Power      Damage    Failure   Level
 Apportation              Tloc           0%         N/A       61%         1
 Alistair's Intoxication  Tmut/Pois      0%         N/A       100%        5


Dungeon Overview and Level Annotations

Branches:
Dungeon (4/15)
 Temple: D:4-7

Altars:
Ashenzari
Dithmenos
Fedhas
Okawaru
Qazlal
Trog
Uskayaw
Wu Jian

Shops:
D:2 (


Innate Abilities, Weirdness & Mutations

You have a pair of small horns on your head.
A meltable shield of frost defends you. (SH +4)


Message History

You closely miss the orc.
The orc is lightly wounded.
The orc barely misses you.
You hit the orc. You burn the orc.
You kill the orc!
No target in view!
You now have 217 gold pieces (gained 13).
You now have 225 gold pieces (gained 8).
An orc comes into view. It is wielding a +0 war axe.
Found a scroll of brand weapon.
The orc shouts!
You hear an angry hiss.
The orc moves out of view.
An orc comes into view. It is wielding a +0 hand axe.
You throw a boomerang. The boomerang hits the orc.
The orc is almost dead.
An orc priest comes into view. It is wielding a +0 whip.
An orc comes into view. It is wielding a +0 club.
The orc priest moves out of view.
An orc priest comes into view. It is wielding a +0 club.
You throw a boomerang. The boomerang barely misses the orc.
The boomerang closely misses the orc.
The orc shouts!
The orc priest shouts!
You hear a shout!
You throw a boomerang. The boomerang hits the orc.
You kill the orc!
The orc priest mumbles some strange prayers to Beogh against you.
Beogh smites you!
You throw a boomerang. The boomerang hits the orc priest.
The orc priest is lightly wounded.
The orc priest mumbles some strange prayers to Beogh against you.
Beogh smites you!
The orc priest mumbles some strange prayers to Beogh against you.
Pain shoots through your body!
* * * LOW HITPOINT WARNING * * *
You are confused.
You feel invigorated.
The orc priest calls upon Beogh to heal the orc priest.
The orc priest's wounds heal themselves!
The orc priest invokes the aid of Beogh against you.
Beogh smites you!
You die...

.#.##...# #....##...###.......#.
.#.##...# ##. ...................
..........?.. #....#........##...
.#..............#..........###...
.)........##..###..........##....
................##..........#..#.
##.......##. #............)...##
##.#..........#.................#
..##.........).@................
.# #................#..##......
.ooo..$.........###.....
...#............# .#..#. ..
##..!.....#..#.....#. .
...##............... .#..
.........# .... .##.# ##......##
..


You could see 2 orc priests and an orc.

Vanquished Creatures
  A sky beast (D:4)
  A phantom (D:4)
  A hound (D:4)
  A jelly (D:4)
  Jessica (D:2)
  A sleepcap (D:4)
  3 gnolls (D:4)
  6 adders
  2 worms (D:4)
  3 orcs
  7 endoplasms
  3 giant cockroaches
  8 goblins
  5 hobgoblins
  6 jackals
  4 kobolds
  A quokka (D:1)
  6 ball pythons
  3 bats
  3 frilled lizards
  5 rats
71 creatures vanquished.

Notes
Turn   | Place    | Note
-------+----------+-------------------------------------------
     0 | D:1      | Graphine the Demonspawn Monk began the quest for the Orb.
     0 | D:1      | Reached XP level 1. HP: 18/18 MP: 1/1
   323 | D:1      | Gained mutation: A meltable shield of frost defends you.
                  | (SH +4) [demonic ancestry]
   323 | D:1      | Reached XP level 2. HP: 18/24 MP: 2/2
   403 | D:1      | Found a faded altar of an unknown god.
   932 | D:2      | Reached XP level 3. HP: 25/29 MP: 3/3
   984 | D:2      | Noticed Jessica
   986 | D:2      | Killed Jessica
   987 | D:2      | Reached skill level 1 in Invocations
  1097 | D:2      | Reached skill level 1 in Armour
  1097 | D:2      | Reached XP level 4. HP: 26/35 MP: 3/5
  1282 | D:2      | Found Verejud's Antique Weapon Emporium.
  1628 | D:3      | Found a shadowy altar of Dithmenos.
  1682 | D:3      | Found a hide-covered altar of Uskayaw.
  2247 | D:3      | Found a broken altar of Ashenzari.
  2270 | D:3      | Found a bloodstained altar of Trog.
  2286 | D:3      | Found an ornate altar of the Wu Jian Council.
  2591 | D:4      | Noticed a sky beast
  2591 | D:4      | Found a stormy altar of Qazlal.
  2613 | D:4      | Killed a sky beast
  2614 | D:4      | Reached XP level 5. HP: 25/42 MP: 6/6
  2724 | D:4      | Gained mutation: You have a pair of small horns on your
                  | head. [demonic ancestry]
  2724 | D:4      | Reached XP level 6. HP: 48/48 MP: 8/8
  2818 | D:4      | Found a blossoming altar of Fedhas.
  2859 | D:4      | Found an iron altar of Okawaru.
  3045 | D:4      | Killed from afar by an orc priest

Illustrated notes

Levels and vault maps discovered:
D:1:      roderic_octagonal_star, layout_basic, basic_ecumenical_altar
D:2:      layout_loops_ring, serial_shops, nicolae_shop_tiny_statue_garden,
          kennysheep_doodads, uniq_jessica
D:3:      wad_lake_hut, layout_basic, mainiacjoe_overflow_paths,
          mainiacjoe_overflow_tiny_flanked, grunt_dithmenos_smoke_and_mirrors,
          ashenzari_conservatory_becter, lemuel_crystal_altar
D:4:      layout_cave_pools, nicolae_qazlal_beasts_of_the_sky, okawaru_trees_1,
          fedhas_altar_1

Skill      XL: |  1  2  3  4  5  6 |
---------------+-------------------+-----
Dodging        | 3 4 |  4.0
Long Blades    | 3 4 |  4.0
Invocations    | 1 2 3 |  3.4
Armour         | 1 2 |  2.2
Fighting       | 4 |  4.4

Action                     |  1- 3 |  4- 6 || total
---------------------------+-------+-------++-------
  Melee: Falchion          |    83 |   121 ||   204
         Punch             |     1 |     2 ||     3
         Headbutt          |       |     3 ||     3
  Throw: Boomerang         |       |    37 ||    37
    Use: Scroll            |       |     8 ||     8
         Potion            |       |     3 ||     3
   Stab: Sleeping          |     1 |     2 ||     3
 Armour: Robe              |    15 |    11 ||    26
         Ring mail         |       |     2 ||     2
  Dodge: Dodged            |    51 |    71 ||   122
  Block: Other             |     9 |    27 ||    36
